 Dungeon Crawl Stone Soup version 0.31-a0-325-g067879e3d3 (webtiles) character file.

Game seed: 13523114626005430229

329 cforsyth the Changeling (level 6, -1/48 HPs)
             Began as a Vampire Shapeshifter on July 18, 2023.
             Killed from afar by a steam dragon (11 damage)
             ... with a ball of steam
             ... on level 4 of the Dungeon.
             The game lasted 00:03:24 (2343 turns).

cforsyth the Changeling (Vampire Shapeshifter)      Turns: 2343, Time: 00:03:25

Health: -1/48      AC:  2    Str: 16    XL:     6   Next: 25%
Magic:  6/6        EV: 12    Int: 10    God:
Gold:   123        SH:  0    Dex: 15    Spells: 5/5 levels left

rFire   . .          .
                       - Unarmed
rCold   . . .        (no shield)
rNeg    . . .        a - +0 animal skin
rPois   .            (helmet currently unavailable)
rElec   .            (cloak currently unavailable)
rCorr   .            (gloves currently unavailable)
SInv    +            (boots currently unavailable)
Will    .....        (no amulet)
Stlth   +            (no ring)
HPRegen 0.48/turn    (no ring)
MPRegen 0.10/turn

%: no passive effects
@: beast-form, healing quickly
A: beast (slay +3), alive, fangs 3, see invisible, vampiric 2
a: Exsanguinate, Begin Untransformation


You were on level 4 of the Dungeon.
You were a hulking beast.
You visited 1 branch of the dungeon, and saw 4 of its levels.

You collected 123 gold pieces.

Inventory:

Armour
 a - a +0 animal skin (worn)
 g - a +0 pair of boots
Jewellery
 n - an amulet of reflection
Talismans
 c - a beast talisman
Scrolls
 d - a scroll of identify {unknown}
 e - 3 scrolls of poison {unknown}
 f - 2 scrolls of teleportation {unknown}
 h - a scroll of immolation {unknown}
 k - a scroll of vulnerability {unknown}
 m - a scroll of enchant armour {unknown}
 p - a scroll of blinking {unknown}
 q - a scroll of revelation {unknown}
Potions
 i - 3 potions of curing
 j - a potion of ambrosia
 o - a potion of brilliance {unknown}


   Skills:
 + Level 3.8 Fighting
 - Level 2.1 Dodging
 + Level 4.5 Unarmed Combat
 + Level 4.6 Shapeshifting


You had 5 spell levels left.
You didn't know any spells.
Your spell library contained the following spells:

 Spells                   Type           Power      Damage    Failure   Level
 Necrotise                Necr           0%         1d4       36%         1
 Lesser Beckoning         Tloc           0%         N/A       50%         2
 Gell's Gravitas          Tloc           0%         N/A       75%         3
 Teleport Other           Tloc           0%         N/A       75%         3
 Vampiric Draining        Necr           0%         2d6       75%         3
 Agony                    Necr           0%         N/A       100%        5
 Dispersal                Tloc           0%         N/A       100%        6


Dungeon Overview and Level Annotations

Branches:
Dungeon (4/15)
 Temple: D:4-7

Altars:
Xom

Shops:
D:4 =


Innate Abilities, Weirdness & Mutations

You are a hulking beast.
Your limbs bulge with bestial killing power. (Slay +3)
Your natural rate of healing is accelerated.
You have razor-sharp teeth.
You have supernaturally acute eyesight. (SInv)
You are afflicted with vampirism and can become a bat while bloodless.


Message History

The steam dragon bites you. The steam dragon closely misses you.
You hit the steam dragon.
The steam dragon is moderately wounded.
The steam dragon bites you! The steam dragon barely misses you.
The worm barely misses you.
You hit the steam dragon but do no damage.
The steam dragon is moderately wounded.
The steam dragon misses you. The steam dragon closely misses you.
You hit the steam dragon.
The steam dragon is moderately wounded.
The worm bites you!
* * * LOW HITPOINT WARNING * * *
The steam dragon closely misses you. The steam dragon barely misses you.
You hit the steam dragon but do no damage.
The steam dragon is moderately wounded.
The steam dragon closely misses you. The steam dragon claws you.
* * * LOW HITPOINT WARNING * * *
The worm bites you.
* * * LOW HITPOINT WARNING * * *
You feel much better. The steam dragon misses you. The steam dragon claws you.
You barely miss the steam dragon.
The steam dragon is moderately wounded.
The steam dragon breathes steam at you. The ball of steam hits you.
The worm closely misses you.
You hit the steam dragon but do no damage.
The steam dragon is moderately wounded.
You are engulfed in a cloud of scalding steam.
The steam dragon barely misses you. x2
You completely miss the steam dragon.
The steam dragon is moderately wounded.
You are engulfed in a cloud of scalding steam.
The worm closely misses you. The steam dragon misses you.
The steam dragon claws you but does no damage.
You hit the steam dragon.
The steam dragon is heavily wounded.
You are engulfed in a cloud of scalding steam.
* * * LOW HITPOINT WARNING * * *
The steam dragon breathes steam at you. The ball of steam hits you!
You die...

# #....†...........#
#.>.>..............# .#
#..#................# .#
#.##................# .#
#................### .#
#............∩.....## .#
##........w.....##..#####
#.
##.....##Dw...####.....#
... #h##### ##....# #.#
##.)#w.# #§# #..##.$# #§#
#.)###..# #.# #..##.#..#
#.# #..# #....# # #.#
#..# #.#..# # ......#
...#..# # .)...# ...#
#..#


You could see a steam dragon (catching breath) and 2 worms.

Vanquished Creatures
  A black bear (D:4)
  A scorpion (D:4)
  A wight (D:4)
  A hound (D:4)
  2 adders
  An ufetubus (D:4)
  A worm (D:3)
  2 dart slugs (D:3)
  An orc (D:4)
  3 ball pythons
  6 endoplasms
  3 giant cockroaches
  12 goblins
  3 hobgoblins
  4 jackals (D:3)
  4 quokkas
  7 bats
  4 frilled lizards
  6 kobolds
  11 rats
74 creatures vanquished.

Vanquished Creatures (others)
  A kobold (D:4)
1 creature vanquished.

Grand Total: 75 creatures vanquished

Notes
Turn   | Place    | Note
-------+----------+-------------------------------------------
     0 | D:1      | cforsyth the Vampire Shapeshifter began the quest for the
                  | Orb.
     0 | D:1      | Reached XP level 1. HP: 16/16 MP: 1/1
   110 | D:1      | Found Akorchiki's Antique Armour Boutique.
   184 | D:1      | Reached XP level 2. HP: 17/22 MP: 2/2
   808 | D:2      | Gained mutation: You are afflicted with vampirism and can
                  | become a bat while bloodless. [Vampire growth]
   808 | D:2      | Reached XP level 3. HP: 28/28 MP: 3/3
  1378 | D:3      | Reached XP level 4. HP: 34/34 MP: 4/4
  1409 | D:3      | Found a faded altar of an unknown god.
  1680 | D:3      | Found a shimmering altar of Xom.
  1900 | D:4      | Noticed a steam dragon
  2071 | D:4      | Noticed a scorpion
  2079 | D:4      | Killed a scorpion
  2080 | D:4      | Reached XP level 5. HP: 41/41 MP: 5/5
  2110 | D:4      | Found Oseac's Jewellery Shop.
  2290 | D:4      | Noticed a black bear
  2301 | D:4      | Killed a black bear
  2302 | D:4      | Reached XP level 6. HP: 34/48 MP: 6/6
  2333 | D:4      | HP: 2/48 [steam dragon (6)]
  2338 | D:4      | HP: 2/48 [worm (3)]
  2343 | D:4      | Killed from afar by a steam dragon

Illustrated notes

Levels and vault maps discovered:
D:1:      dpeg_arrival_circle_labyrinth_a, layout_loops_ring, serial_shops, shop
D:2:      layout_rooms
D:3:      layout_basic, general_overflow_altar, ebering_ecumenical_altar_rust,
          nrook_loot_triangle
D:4:      layout_rooms, mainiacjoe_overflow_six_doors_small,
          kennysheep_mini_moat, serial_shops, shop, minmay_manual_mandibuliform

Skill      XL: |  1  2  3  4  5 |
---------------+----------------+-----
Fighting       | 2 3 |  3.8
Unarmed Combat | 3 4 |  4.5
Shapeshifting  | 4 |  4.6
Dodging        | |  2.1

Action                     |  1- 3 |  4- 6 || total
---------------------------+-------+-------++-------
  Melee: Unarmed           |   132 |    90 ||   222
         Bite              |    17 |    11 ||    28
         Punch             |     3 |     2 ||     5
    Use: Potion            |       |     5 ||     5
   Stab: Sleeping          |     4 |     2 ||     6
 Armour: Animal skin       |    22 |    17 ||    39
         Skin              |       |    13 ||    13
  Dodge: Dodged            |    75 |    84 ||   159

Table legend: (Time is in decaauts)
 A = Elapsed time spent in this place.
 B = Non-inter-level travel time spent in this place.
 C = Inter-level travel time spent in this place.
 D = Time resting spent in this place.
 E = Time spent auto-exploring this place.
 F = Levels seen in this place.
 G = Mean time per level.
                   A        B        C        D        E       F      G
               +--------+--------+--------+--------+--------+-----+--------+
         Total |   2329 |   2254 |     75 |     98 |   1578 |   4 |  582.2 |
       Dungeon |   2329 |   2254 |     75 |     98 |   1578 |   4 |  582.2 |
               +--------+--------+--------+--------+--------+-----+--------+

Top non-repeatable levels by time:
     D:1: 769 daAuts
     D:3: 718 daAuts
     D:2: 478 daAuts
     D:4: 362 daAuts
